[Event "*** Titled Tuesday Blitz"]
[Site "Chess.com"]
[Date "2019.06.04"]
[Round "6"]
[White "Komissarov_alex"]
[Black "fidezivkovic"]
[Result "0-1"]
[WhiteElo "2107"]
[BlackElo "2235"]
[TimeControl "180+2"]
[EndTime "14:18:10 PDT"]
[Termination "fidezivkovic won on time"]

1. d4 Nf6 2. Nf3 g6 3. Nc3 d5 4.
Bf4 Bg7 5. e3 O-O 6. Be2 c5 7. O-O Nc6 8. Ne5 cxd4 9. exd4 Bf5 10. Nxc6 bxc6 11. Na4 Ne4 12. Bd3 Bxd4 13. c3 Bg7 14. f3 Nd6 15. Bxd6 Qxd6 16. Bxf5 gxf5 17. Qd3 e6 18. b4 a5 19. a3 axb4 20. axb4 Ra7 21.
Nc5 Rxa1 22. Rxa1 Qe5 23. Rc1 Ra8 24. c4 Ra2 25. Rd1 Qb2 26. Qf1 Qxb4 27. Nd7 Qxc4 28.
Qxc4 dxc4 29. Nb8 c3 0-1

[Event "*** Titled Tuesday Blitz"]
[Site "Chess.com"]
[Date "2019.06.04"]
[Round "6"]
[White "Farrukh_Amonatov"]
[Black "jefferyx"]
[Result "0-1"]
[WhiteElo "2817"]
[BlackElo "2912"]
[TimeControl "180+2"]
[EndTime "14:18:13 PDT"]
[Termination "jefferyx won on time"]

1. e4 c6 2. d4 d5 3. e5 Bf5 4.
Nf3 e6 5. Be2 Ne7 6. O-O Ng6 7.
h3 Nd7 8. g4 Be4 9. Ng5 h5 10.
f3 hxg4 11. fxe4 Ndxe5 12. dxe5 Bc5+ 13. Kh1 Nxe5 14. Bxg4 dxe4 15. Qe2 e3 16. Ne4 Qh4 17. Kg2 f5 18. Nxc5 fxg4 19. Qxe3 O-O-O 20. Nc3 Rdf8 21. Rxf8+ Rxf8 22. Bd2 Rf3 23. Qxe5 Qf2+ 24. Kh1 Rxh3+ 0-1

[Event "*** Titled Tuesday Blitz"]
[Site "Chess.com"]
[Date "2019.06.04"]
[Round "6"]
[White "CookiesAndIceCream"]
[Black "MishkaFighter"]
[Result "0-1"]
[WhiteElo "2377"]
[BlackElo "2381"]
[TimeControl "180+2"]
[EndTime "14:18:13 PDT"]
[Termination "MishkaFighter won by resignation"]

1. e4 g6 2. d4 Bg7 3. Nf3 d6 4. Nc3 a6 5. Be2 b5 6. O-O Nd7 7.
e5 Bb7 8. e6 fxe6 9. Ng5 Nf8 10. Bg4 b4 11. Na4 Qd7 12. Bf3 Bc6 13. Re1 h6 14.
Nxe6 Nxe6 15. d5 Bxa4 16. dxe6 Qc8 17. Qd3 Kf8 18. Qxg6 Be8 19. Qf5+ Nf6 20. Bxa8 Qxa8 21. Bd2 Qd5 22. Qf4 a5 23. b3 h5 24. Rad1 Bc6 25.
Qg3 h4 26. Qg6 Qh5 27. Qd3 h3 28. g3 Qg4 29. Bf4 Rh5 30. Rd2 Rd5 31. Qc4 Rxd2 32. Bxd2 Qf3 0-1

[Event "*** Titled Tuesday Blitz"]
[Site "Chess.com"]
[Date "2019.06.04"]
[Round "6"]
[White "Gentlejimmy7"]
[Black "MagnutssCarleson"]
[Result "1-0"]
[WhiteElo "2546"]
[BlackElo "2298"]
[TimeControl "180+2"]
[EndTime "14:18:18 PDT"]
[Termination "Gentlejimmy7 won by checkmate"]

1. d4 Nf6 2. Nf3 g6 3. g3 Bg7 4. Bg2 d6 5. O-O O-O 6. b3 d5 7.
Bb2 Ne4 8. c4 c6 9. Nbd2 Bf5 10.
e3 Qa5 11. Nxe4 Bxe4 12. a3 Nd7 13. Qe2 Rad8 14. Rfd1 Rfe8 15. Rac1 e5 16. cxd5 Bxd5 17.
b4 Qa4 18. dxe5 Bxf3 19. Bxf3 Nxe5 20. Bg2 Qb3 21. Bd4 Qxa3 22. b5 cxb5 23. Qxb5 b6 24.
Bxe5 Bxe5 25. Bd5 Qe7 26. Kg2 Kg7 27. h4 Rc8 28. Bc6 Red8 29. Rxd8 Rxd8 30. Rc2 Bf6 31. Bf3 Qe5 32. Qa6 Rd7 33. Qc8 Qd6 34. h5 Rd8 35.
Qb7 Rd7 36. Qa8 b5 37. Rc8 b4 38. Rg8+ Kh6 39. hxg6 fxg6 40. Qc8 b3 41. Qc1 b2 42. Qh1+ Kg5 43. Qh5# 1-0

[Event "*** Titled Tuesday Blitz"]
[Site "Chess.com"]
[Date "2019.06.04"]
[Round "6"]
[White "VeraNebolsina"]
[Black "ENEASZ"]
[Result "1/2-1/2"]
[WhiteElo "2373"]
[BlackElo "2507"]
[TimeControl "180+2"]
[EndTime "14:18:22 PDT"]
[Termination "Game drawn by agreement"]

1. e4 d6 2. d4 Nf6 3. Nc3 e5 4. Nf3 Nbd7 5. Bc4 Be7 6. O-O O-O 7. Re1 a6 8. a4 b6 9. Nd5 Bb7 10. Nxf6+ Bxf6 11. c3 Re8 12. d5 g6 13. b4 Bg7 14.
a5 h6 15. axb6 cxb6 16. Bf1 f5 17. c4 fxe4 18. Nd2 b5 19. Nxe4 Nf6 20. Nxf6+ Qxf6 21. cxb5 e4 22. Ra5 axb5 23. Bxb5 Rf8 24. Be3 Qc3 25. Bc6 Bxc6 26. dxc6 Qxc6 27. Qd5+ Qxd5 28. Rxd5 Be5 29. g3 g5 30. Re2 Rfb8 31. Bd4 Rxb4 32. Bxe5 dxe5 33.
Rxe5 Raa4 34. Kg2 Kf7 35. f3 exf3+ 36. Kxf3 1/2-1/2

[Event "*** Titled Tuesday Blitz"]
[Site "Chess.com"]
[Date "2019.06.04"]
[Round "6"]
[White "Polish_fighter3000"]
[Black "Grandelicious"]
[Result "1-0"]
[WhiteElo "3013"]
[BlackElo "2769"]
[TimeControl "180+2"]
[EndTime "14:18:26 PDT"]
[Termination "Polish_fighter3000 won by resignation"]

1. e4 c5 2. Nf3 d6 3. c3 Nf6 4.
Bd3 g6 5. h3 Bg7 6. Bc2 e5 7.
d4 cxd4 8. cxd4 exd4 9. O-O O-O 10.
Nxd4 Nc6 11. Nxc6 bxc6 12. Nc3 Re8 13. Rb1 d5 14. exd5 Nxd5 15. Nxd5 Qxd5 16. Qxd5 cxd5 17.
Bd3 a5 18. Rd1 a4 19. b4 axb3 20. axb3 Ba6 21. Bxa6 Rxa6 22. Be3 Ra5 23. b4 Rb5 24.
Bc5 Reb8 25. Rxd5 Bc3 26. Bd6 Rxd5 27. Bxb8 Bd4 28. Bc7 Rf5 29. b5 Rxf2 30. Kh1 Rc2 31. b6 Kg7 32. b7 Ba7 33. Be5+ f6 34. Ra1 fxe5 35. Rxa7 1-0

[Event "*** Titled Tuesday Blitz"]
[Site "Chess.com"]
[Date "2019.06.04"]
[Round "6"]
[White "marianokar"]
[Black "FMJoseHerrera"]
[Result "0-1"]
[WhiteElo "2424"]
[BlackElo "2610"]
[TimeControl "180+2"]
[EndTime "14:18:26 PDT"]
[Termination "FMJoseHerrera won by checkmate"]

1. d4 Nf6 2. Nf3 c5 3. d5 g6 4.
c4 b5 5. Qc2 Bg7 6. e4 O-O 7.
Nbd2 e6 8. dxe6 dxe6 9. cxb5 a6 10. a4 Bb7 11. h3 Nbd7 12. bxa6 Bxa6 13. Bxa6 Rxa6 14.
O-O Qa8 15. Ra2 Rb8 16. b3 c4 17. Qxc4 Rc6 18. Qe2 Nc5 19. Qe3 Rc7 20. Ba3 Ncxe4 21. Nxe4 Nxe4 22. Nd2 Nc3 23. Bd6 Nd5 24. Qf3 Rc3 25. Qe4 Rd8 26. Bg3 Qa7 27. Kh2 h5 28. h4 Nf6 29. Qe2 Ng4+ 30. Kh1 Qb7 31. a5 Rdd3 32. a6 Qa7 33. Nc4 Rxg3 34. fxg3 Rxg3 35. Nb6 Qe7 36. a7 Qxh4+ 37. Kg1 Qh2# 0-1

[Event "*** Titled Tuesday Blitz"]
[Site "Chess.com"]
[Date "2019.06.04"]
[Round "6"]
[White "Caterpiller35"]
[Black "Karacsonyi_Gellert"]
[Result "1-0"]
[WhiteElo "2440"]
[BlackElo "2538"]
[TimeControl "180+2"]
[EndTime "14:18:27 PDT"]
[Termination "Caterpiller35 won by resignation"]

1. d4 Nf6 2. Bg5 d5 3. e3 c6 4. Nd2 g6 5. Ngf3 Bg7 6. Be2 O-O 7. c4 dxc4 8. Bxc4 Nbd7 9. O-O c5 10. Rc1 cxd4 11. Nxd4 Nb6 12. Bb3 Nbd5 13. h3 e5 14. N4f3 Qa5 15. Nc4 Qa6 16. Ncxe5 Be6 17. Nd3 Rfd8 18. Nc5 Qb6 19. Nxe6 Qxe6 20. Bxf6 Bxf6 21.
Rc5 Nxe3 22. Qc1 Nd5 23. Rd1 Qb6 24. Rdxd5 Re8 25. Rd7 Re7 26. Rxe7 Bxe7 27. Rc7 Qd6 28. Qc4 Rf8 29. Rxb7 a5 30. Qc7 Qxc7 31. Rxc7 Bb4 32. a3 Bd6 33. Rd7 Bb8 34. Ng5 Rc8 35. g3 Rc1+ 36. Kg2 Rb1 37. Rd8+ Kg7 38. Rxb8 Rxb2 39. Rb7 1-0

[Event "*** Titled Tuesday Blitz"]
[Site "Chess.com"]
[Date "2019.06.04"]
[Round "6"]
[White "Alopekos"]
[Black "Firegrizzly"]
[Result "0-1"]
[WhiteElo "2488"]
[BlackElo "2687"]
[TimeControl "180+2"]
[EndTime "14:18:27 PDT"]
[Termination "Firegrizzly won by resignation"]

1. e4 c5 2. Nf3 Nc6 3. Nc3 d6 4. d4 cxd4 5. Nxd4 Nf6 6. Bg5 e6 7. Qd2 a6 8. O-O-O Bd7 9. f4 h6 10. Bh4 g5 11. fxg5 Ng4 12. Be2 Nge5 13. Nf3 Be7 14.
Rhg1 hxg5 15. Bxg5 f6 16. Nxe5 Nxe5 17. Bh6 Bc6 18.
Bg7 Rh7 19. Bh6 Kd7 20. g4 b5 21. a3 Qb6 22. Be3 Qb7 23. Bc5 Rd8 24. Qf4 Kc8 25.
Be3 Rdh8 26. Rg2 Kc7 27. Kb1 a5 28. Qf2 Rh3 29. Bd4 b4 30. axb4 axb4 31. Na2 Ra8 32.
Bxe5 dxe5 33. Rg3 Rxg3 34. Qxg3 Bxe4 35. Bd3 Bd5 36. b3 Qa7 0-1

[Event "*** Titled Tuesday Blitz"]
[Site "Chess.com"]
[Date "2019.06.04"]
[Round "6"]
[White "Caisachess"]
[Black "NemtsevIgor"]
[Result "1/2-1/2"]
[WhiteElo "2413"]
[BlackElo "2262"]
[TimeControl "180+2"]
[EndTime "14:18:27 PDT"]
[Termination "Game drawn by repetition"]

1. e4 c6 2. Nc3 d5 3. Nf3 Bg4 4. h3 Bh5 5. exd5 cxd5 6. Bb5+ Nc6 7. g4 Bg6 8. Ne5 Rc8 9. h4 f6 10. Nxg6 hxg6 11. d4 e6 12. Be3 Bb4 13. Bd3 Nge7 14. Qf3 f5 15. h5 Qa5 16. Rd1 Qxa2 17. Kf1 Qxb2 18. Ne2 Kd7 19. hxg6 Rxh1+ 20. Qxh1 fxg4 21. Qh7 Bd6 22. Qxg7 a6 23. Qf6 Nb4 24. Nf4 Bxf4 25. Bxf4 Nxd3 26. Rxd3 Rxc2 27. Bg5 Nf5 28. Qf7+ Kd6 29.
Bf4+ Kc6 30. Qc7+ Kb5 31. Qxb7+ Kc4 32. Qxa6+ Kb4 33. Bd6+ Nxd6 34. Qxd6+ Kc4 35. Qa6+ Kb4 36. Qb6+ Kc4 37. Qa6+ Kb4 38. Qb6+ Kc4 39. Qa6+ 1/2-1/2

[Event "*** Titled Tuesday Blitz"]
[Site "Chess.com"]
[Date "2019.06.04"]
[Round "6"]
[White "Chesska7"]
[Black "Aragon"]
[Result "1-0"]
[WhiteElo "2155"]
[BlackElo "2074"]
[TimeControl "180+2"]
[EndTime "14:18:28 PDT"]
[Termination "Chesska7 won by checkmate"]

1. d4 d5 2. Nc3 e6 3. e4 Nf6 4. e5 Nfd7 5. f4 c5 6. Nf3 Nc6 7. Ne2 Qb6 8. c3 Be7 9. g3 O-O 10.
Bh3 a5 11. Qb3 Qc7 12. Be3 cxd4 13. cxd4 a4 14. Qd1 Nb4 15. Rc1 Qa5 16. O-O Nxa2 17. Ra1 Nb4 18. f5 exf5 19. Bxf5 Nb6 20. Bb1 Nc4 21. Bc1 Bh3 22. Rf2 b5 23. Nf4 Bg4 24. h3 Be6 25. Nh2 Qb6 26. Qh5 g6 27. Nxg6 fxg6 28.
Bxg6 Rxf2 29. Qxh7+ Kf8 30. Bh6# 1-0

[Event "*** Titled Tuesday Blitz"]
[Site "Chess.com"]
[Date "2019.06.04"]
[Round "6"]
[White "nitpicker"]
[Black "axvesik"]
[Result "1-0"]
[WhiteElo "2218"]
[BlackElo "2359"]
[TimeControl "180+2"]
[EndTime "14:18:30 PDT"]
[Termination "nitpicker won by resignation"]

1. d4 Nf6 2. c4 e6 3. g3 c5 4. d5 exd5 5. cxd5 d6 6. Nc3 g6 7.
Bg2 Bg7 8. Nf3 O-O 9. O-O a6 10.
a4 Re8 11. Bf4 Nh5 12. Bg5 f6 13. Bd2 f5 14. Ng5 Nf6 15. Ne6 Bxe6 16. dxe6 Nc6 17. Qb3 Qe7 18. Nd5 Nxd5 19. Bxd5 Nd4 20. Qxb7 Qxb7 21.
Bxb7 Ra7 22. Bd5 Nxe6 23. Bc3 Kf8 24. Rfd1 Nd4 25. Bxd4 Bxd4 26. Rd2 Re5 27. Bf3 Ree7 28. e3 Be5 29. Be2 Reb7 30. Ra2 Ke7 31. Bc4 Rb4 32. b3 a5 33. f4 Bf6 34. Rd3 Rd7 35. Re2 Kf8 36.
Rd5 Ke7 37. h3 Rdb7 38. Kg2 Rxb3 39. Bxb3 Rxb3 40. e4 fxe4 41. Rxe4+ Kd7 42. g4 Kc6 43. Rd1 Rb4 44. Re6 Rxf4 45. Rdxd6+ 1-0

[Event "*** Titled Tuesday Blitz"]
[Site "Chess.com"]
[Date "2019.06.04"]
[Round "6"]
[White "mishanick"]
[Black "volcanoexplorer"]
[Result "1-0"]
[WhiteElo "2998"]
[BlackElo "2600"]
[TimeControl "180+2"]
[EndTime "14:18:31 PDT"]
[Termination "mishanick won on time"]

1. d4 Nf6 2. c4 e6 3. Nf3 b6 4. a3 Bb7 5. Nc3 Be7 6. d5 exd5 7. cxd5 d6 8. e4 O-O 9. Bd3 Nbd7 10. O-O Nc5 11. Bc2 a5 12. Re1 Nfd7 13. Nd4 Bf6 14. Nc6 Bxc6 15. dxc6 Ne5 16. Qd5 Qe8 17. Nb5 Qxc6 18.
Qxc6 Nxc6 19. Nxc7 Nd4 20. Bd1 Rac8 21. Nd5 Nd3 22. Be3 Nxe1 23. Nxf6+ gxf6 24. Bxd4 Nc2 25. Bxc2 Rxc2 26. Bxf6 Re8 27. f3 d5 28. Re1 dxe4 29.
fxe4 Re6 30. Bc3 Kf8 31. Re3 Rg6 32. g3 Rd6 33. Re1 Ke7 34. Rf1 Rh6 35. h4 Rg6 36.
Rf3 Rg4 37. Re3 Ke6 38. Kf1 Rg8 39. Rf3 Ke7 40. Ke1 Rg2 41. Be5 Rc8 42. Bc3 Rd8 43.
Bf6+ Ke8 44. Bxd8 Kxd8 45. Rxf7 Rxg3 46. Rxh7 Re3+ 47. Kd2 Rxe4 48. h5 Kc8 49. h6 Rh4 50. Ke3 Rh2 51. b4 axb4 52. axb4 Rh5 53. Kf4 Kb8 54.
Kg4 Rh1 55. Kf5 Rh4 56. Ke6 Rh5 57. b5 Kc8 58. Kd6 Rxb5 59. Rg7 Rh5 60. h7 Rh6+ 61.
Kd5 Rh5+ 62. Kc4 Rh4+ 63. Kb5 Rh5+ 64. Ka6 1-0

[Event "*** Titled Tuesday Blitz"]
[Site "Chess.com"]
[Date "2019.06.04"]
[Round "6"]
[White "Valuebet2000"]
[Black "Thjop"]
[Result "1-0"]
[WhiteElo "2553"]
[BlackElo "2581"]
[TimeControl "180+2"]
[EndTime "14:18:33 PDT"]
[Termination "Valuebet2000 won on time"]

1. e4 e6 2. d4 d5 3. Nd2 c5 4.
exd5 exd5 5. Ngf3 a6 6. Bd3 c4 7. Be2 Nf6 8. O-O Bd6 9. b3 cxb3 10. axb3 O-O 11. Bd3 Nc6 12. c3 Re8 13. Bb2 Bg4 14.
h3 Bh5 15. Qc2 Rc8 16. Qb1 Qb6 17. b4 Qc7 18. Re1 Rxe1+ 19. Qxe1 Re8 20. Qd1 Ne7 21. Be2 Ng6 22. g4 Nf4 23. Bf1 Bg6 24. Nb3 h5 25. g5 Ne4 26. Nc5 Qc8 27. Ra3 Bf5 28.
h4 Bh3 29. Nh2 Bxf1 30. Nxf1 Qh3 31. Ne3 Qxh4 32. Qf3 Qxg5+ 33. Kh1 Qh4+ 34. Kg1 Bxc5 35. bxc5 Re6 36. Bc1 1-0

[Event "*** Titled Tuesday Blitz"]
[Site "Chess.com"]
[Date "2019.06.04"]
[Round "6"]
[White "yuki_chess123"]
[Black "LonesomeGeorge1"]
[Result "0-1"]
[WhiteElo "2168"]
[BlackElo "2384"]
[TimeControl "180+2"]
[EndTime "14:18:36 PDT"]
[Termination "LonesomeGeorge1 won by resignation"]

1. e4 c6 2. d3 d5 3. Nd2 g6 4.
Ngf3 Bg7 5. g3 Nh6 6. Bg2 O-O 7. O-O f6 8. c3 Nf7 9. exd5 cxd5 10. d4 Nc6 11.
Re1 e5 12. dxe5 fxe5 13. c4 e4 14. Nh4 g5 15. cxd5 Nce5 16. Nxe4 gxh4 17. Nc5 h3 18.
Be4 Nd6 19. Bh1 Bg4 20. Qb3 Nf3+ 21. Bxf3 Rxf3 22. Qb4 h5 23. Bf4 a5 24. Qa4 b5 25.
Qc2 Rxf4 26. gxf4 Qf6 27. Ne6 Bf5 28. Qc6 Qg6+ 29. Ng5 Rc8 30. Qa6 Bd7 31. Rac1 Rxc1 32. Rxc1 b4 33. Qa8+ Bf8 34. Qd8 Qf5 35. f3 Qxf4 36.
Rc7 Qe3+ 0-1

[Event "*** Titled Tuesday Blitz"]
[Site "Chess.com"]
[Date "2019.06.04"]
[Round "6"]
[White "TheBigBadChessDad"]
[Black "BvsN"]
[Result "1-0"]
[WhiteElo "2162"]
[BlackElo "2274"]
[TimeControl "180+2"]
[EndTime "14:18:38 PDT"]
[Termination "TheBigBadChessDad won by resignation"]

1. e4 c5 2. Nf3 e6 3. c3 Nf6 4. e5 Nd5 5. d4 cxd4 6. cxd4 d6 7.
Nc3 Nxc3 8. bxc3 Nd7 9. exd6 Bxd6 10. Bd3 Qc7 11. Qc2 Nf6 12. O-O b6 13. Re1 Bb7 14.
Ne5 O-O 15. f4 Rac8 16. Bd2 g6 17. c4 Rfd8 18. Be3 a6 19. a4 Be7 20. Rab1 Bc6 21. Qb3 Rb8 22. h3 Be8 23. Be2 Nd7 24. Bf3 Nxe5 25.
fxe5 b5 26. axb5 axb5 27. c5 Bc6 28. Bf2 Bxf3 29. Qxf3 Rd5 30. Rb4 Qa7 31. Reb1 Qa6 32.
Qe2 f6 33. Bg3 f5 34. Bf2 Rc8 35. Qxb5 Qa5 36. Qxa5 1-0

[Event "*** Titled Tuesday Blitz"]
[Site "Chess.com"]
[Date "2019.06.04"]
[Round "6"]
[White "irregularity"]
[Black "Chebure"]
[Result "0-1"]
[WhiteElo "2604"]
[BlackElo "2805"]
[TimeControl "180+2"]
[EndTime "14:18:41 PDT"]
[Termination "Chebure won by resignation"]

1. e4 c5 2. Nf3 e6 3. Nc3 Nc6 4. g3 g6 5. Bg2 Bg7 6. O-O Nge7 7.
d4 cxd4 8. Nb5 O-O 9. Nbxd4 a6 10.
Nb3 b6 11. c3 Bb7 12. Bf4 d5 13.
e5 h6 14. h4 Nf5 15. Qd2 Kh7 16. Rac1 Rc8 17. Rfe1 a5 18. Qe2 a4 19. Nbd2 Qe7 20.
Nf1 d4 21. c4 d3 22. Qxd3 Rfd8 23. Qc2 Ncd4 24. Nxd4 Nxd4 25. Qc3 Bxg2 26. Kxg2 b5 27. b3 g5 28. hxg5 hxg5 29. Bd2 Qb7+ 30. f3 g4 31. Qd3+ Kg8 32. Qe4 gxf3+ 33. Kf2 Qxe4 34. Rxe4 axb3 35. axb3 Nxb3 36. Rc2 Nc5 37. Rh4 Nd3+ 38.
Kxf3 Nxe5+ 39. Ke2 bxc4 40. Ne3 c3 41. Bxc3 Ng6 42. Rc4 Rxc4 43. Nxc4 Bxc3 44. Rxc3 Rc8 45. Kd3 Kg7 46. Rb3 Rd8+ 47. Ke3 Ne7 48. Rb7 Nf5+ 49. Kf4 Rd4+ 50. Kg5 Rxc4 51. g4 Ne3 52. Kh5 Nxg4 0-1

[Event "*** Titled Tuesday Blitz"]
[Site "Chess.com"]
[Date "2019.06.04"]
[Round "6"]
[White "26andrej26"]
[Black "Eliwood44"]
[Result "0-1"]
[WhiteElo "2496"]
[BlackElo "2362"]
[TimeControl "180+2"]
[EndTime "14:18:46 PDT"]
[Termination "Eliwood44 won by resignation"]

1. e4 e5 2. Nf3 Nc6 3. Bb5 g6 4. O-O Bg7 5. c3 a6 6. Ba4 Nge7 7. d4 exd4 8. cxd4 b5 9. Bb3 d6 10. h3 O-O 11. Nc3 Na5 12. Bc2 c5 13. Bf4 Nc4 14. b3 Na3 15. Bd3 Bb7 16. Rc1 cxd4 17. Ne2 d5 18. e5 f6 19. Nexd4 Qb6 20. e6 Rac8 21. Qd2 a5 22. Bh6 b4 23. Bxg7 Kxg7 24.
h4 Rxc1 25. Rxc1 Rc8 26. Rxc8 Bxc8 27. Qe3 Qd6 28. h5 Bb7 29. hxg6 hxg6 30. g3 Bc6 31.
Nh4 Qe5 32. Bxg6 Qxe3 33. fxe3 Nb5 34. Nxb5 Bxb5 35. Nf5+ Kf8 36. Nxe7 Kxe7 37. Bf5 a4 38. Kf2 Bc4 39. bxc4 dxc4 40. Ke2 b3 41. axb3 a3 42. Bb1 cxb3 43. Kd2 a2 0-1

[Event "*** Titled Tuesday Blitz"]
[Site "Chess.com"]
[Date "2019.06.04"]
[Round "6"]
[White "HansCoolNiemann"]
[Black "enriquetejedor"]
[Result "1-0"]
[WhiteElo "2705"]
[BlackElo "2542"]
[TimeControl "180+2"]
[EndTime "14:18:48 PDT"]
[Termination "HansCoolNiemann won on time"]

1. e4 c5 2. Nf3 d6 3. d4 cxd4 4. Nxd4 Nf6 5. Nc3 a6 6. Be3 e5 7. Nb3 Be6 8. f3 Nbd7 9. Qd2 b5 10. O-O-O Nb6 11. Qf2 Nfd7 12. f4 Rc8 13. f5 Bc4 14. g4 Be7 15. h4 b4 16. Nd5 Nxd5 17. exd5 a5 18. g5 a4 19. Bxc4 Rxc4 20. Nd2 Rc7 21. Kb1 Qc8 22. Ne4 Rc4 23. Qg2 b3 24. cxb3 axb3 25. axb3 Rb4 26. Rhf1 Rxb3 27. f6 gxf6 28. gxf6 Bf8 29. Bh6 Qa6 30. Bxf8 Rxf8 31. Qc2 Rb8 32. Qc6 Qxc6 33. dxc6 Nb6 34. Nxd6+ Kd8 35.
Nb5+ Kc8 36. c7 Ra8 37. Rd6 Kb7 38. Rc1 Rfc8 39. Rcc6 Ra6 40. b3 e4 41. Kc2 h5 42.
Kd1 e3 43. Ke2 Rg8 44. Kxe3 Nd5+ 45. Rxd5 Rxc6 46. Rd8 Rg3+ 47. Kf2 Rxb3 48. Rb8+ Ka6 49. Nd4 Rxc7 50. Rxb3 Rc4 51. Ke3 Rc5 52. Ke4 Rc1 53.
Kd5 Rh1 54. Ra3+ Kb6 55. Rb3+ Ka6 56. Re3 Rxh4 57. Re7 Rh1 58. Rxf7 h4 59. Rh7 h3 60. f7 Rf1 61. Ke6 Re1+ 62. Kf6 Rf1+ 63. Nf5 h2 64. Rxh2 1-0

[Event "*** Titled Tuesday Blitz"]
[Site "Chess.com"]
[Date "2019.06.04"]
[Round "6"]
[White "GelmanAlexander"]
[Black "Indianlad"]
[Result "0-1"]
[WhiteElo "2600"]
[BlackElo "2866"]
[TimeControl "180+2"]
[EndTime "14:18:49 PDT"]
[Termination "Indianlad won on time"]

1. d4 Nf6 2. Nc3 d5 3. Bf4 a6 4. e3 e6 5. Nf3 b5 6. Ne5 Bb7 7.
a3 c5 8. g4 Nc6 9. Bg2 Rc8 10.
O-O Be7 11. h3 O-O 12. Ne2 Nxe5 13. Bxe5 cxd4 14. exd4 Ne4 15. c3 a5 16. Ng3 Nxg3 17. Bxg3 b4 18. cxb4 axb4 19. a4 Qa5 20. f4 Rc4 21. f5 Rxd4 22. Qf3 Bc5 23. Kh1 Rd2 24. b3 Ba8 25. Qf4 Re2 26. Rae1 Rxe1 27. Rxe1 exf5 28. gxf5 d4 29. f6 Bxg2+ 30. Kxg2 Qa8+ 31. Kh2 Re8 32. Qg5 Bf8 33. fxg7 Bxg7 34. Re5 d3 35. a5 h6 36. Qg4 d2 37. a6 Rd8 38. Qd1 Qxa6 39. Re4 Qa1 0-1

[Event "*** Titled Tuesday Blitz"]
[Site "Chess.com"]
[Date "2019.06.04"]
[Round "6"]
[White "IMRosen"]
[Black "Naruto-K"]
[Result "0-1"]
[WhiteElo "2511"]
[BlackElo "2413"]
[TimeControl "180+2"]
[EndTime "14:18:49 PDT"]
[Termination "Naruto-K won by resignation"]

1. d4 Nf6 2. Bf4 e6 3. e3 c5 4. Nf3 Nc6 5. Nc3 a6 6. d5 exd5 7. Nxd5 Nxd5 8. Qxd5 Nb4 9. Qd2 d5 10. Rd1 Be6 11. a3 Nc6 12. Ng5 Qf6 13. Nxe6 fxe6 14.
c3 Be7 15. Bd3 Rd8 16. O-O O-O 17. Bg3 Kh8 18. Bb1 e5 19. Qe2 Qh6 20. Rd2 Bf6 21. Rfd1 d4 22. cxd4 exd4 23. Bf4 Bg5 24. Bxg5 Qxg5 25.
exd4 Nxd4 26. Qe4 g6 27. Kh1 Rde8 28. Qd3 Re7 29. Qg3 Qxd2 30. Rg1 Re1 31. h3 Rxg1+ 32. Kh2 Qf4 33. Kxg1 Ne2+ 0-1

[Event "*** Titled Tuesday Blitz"]
[Site "Chess.com"]
[Date "2019.06.04"]
[Round "6"]
[White "NateSolon"]
[Black "51616516516"]
[Result "1-0"]
[WhiteElo "2495"]
[BlackElo "2320"]
[TimeControl "180+2"]
[EndTime "14:18:50 PDT"]
[Termination "NateSolon won on time"]

1. d4 Nf6 2. Bf4 g6 3. Nc3 d5 4. e3 Bg7 5. h4 h5 6. Nf3 O-O 7. Ne5 c5 8. dxc5 e6 9. a3 Nfd7 10. Nd3 e5 11. Bg3 e4 12. Nf4 Nxc5 13. Nfxd5 Be6 14. Nc7 Nbd7 15. Nxa8 Qa5 16. Qd2 Rxa8 17. b4 Qb6 18. Rd1 Na6 19. Nxe4 Rc8 20. Bd3 f5 21. Nc5 Naxc5 22. bxc5 Rxc5 23. O-O Bc3 24. Qe2 Qa5 25. Rb1 b6 26. Bd6 Rc6 27. Bb4 Qe5 28. Qf3 Bd5 29. Qf4 Qe8 30. Bb5 Rc8 31. Rfd1 Bxb4 32. Rxd5 1-0

[Event "*** Titled Tuesday Blitz"]
[Site "Chess.com"]
[Date "2019.06.04"]
[Round "6"]
[White "NMJeevanK"]
[Black "MarcoRiehle"]
[Result "1-0"]
[WhiteElo "2446"]
[BlackElo "2522"]
[TimeControl "180+2"]
[EndTime "14:18:58 PDT"]
[Termination "NMJeevanK won by resignation"]

1. e4 e5 2. Nf3 Nf6 3. Nxe5 Nxe4 4. d3 Qe7 5. dxe4 Qxe5 6. Bd3 d5 7. O-O dxe4 8. Bxe4 Bd6 9. g3 O-O 10. Nc3 Nc6 11. Bf4 Qc5 12. Be3 Qb4 13. Rb1 Ne5 14.
a3 Qa5 15. Qh5 g6 16. Qe2 c6 17. Bh6 Re8 18. Qd2 Qc7 19. Rbd1 Bc5 20. b4 Bb6 21. Qg5 Qe7 22. Qf4 Bg4 23. Rde1 f5 24. Bg2 Qf6 25. Bg5 Qg7 26. h3 Nf7 27. hxg4 Rxe1 28. Rxe1 Qxc3 29. Re7 Nxg5 30. Qxg5 Bd8 31. Re8+ Kf7 32. Rxd8 Rxd8 33. Qxd8 fxg4 34. Qd7+ Kf6 35. Qxb7 Qxa3 36. Qxc6+ Kg5 37. Qc5+ Kh6 38. Qe3+ 1-0

[Event "*** Titled Tuesday Blitz"]
[Site "Chess.com"]
[Date "2019.06.04"]
[Round "6"]
[White "AsaHoffmann"]
[Black "lexiel"]
[Result "0-1"]
[WhiteElo "2157"]
[BlackElo "2188"]
[TimeControl "180+2"]
[EndTime "14:19:05 PDT"]
[Termination "lexiel won on time"]

1. d4 d6 2. e4 Nf6 3. f3 Nbd7 4. Be3 g6 5. Qd2 h6 6. Nc3 a6 7. a4 Bg7 8. Bc4 e6 9. Nge2 c6 10. Ba2 d5 11. e5 Ng8 12. h4 f5 13. exf6 Ngxf6 14. Nf4 Nf8 15. O-O-O Qc7 16. Rde1 Qf7 17. Nd3 N6d7 18. Bf4 b5 19. Nxd5 cxd5 20. Bxd5 Ra7 21.
Nc5 Nxc5 22. dxc5 Qf5 23. Bc6+ Bd7 24. Qd6 Bxc6 25. Qb8+ Kf7 26. Qxa7+ Nd7 27. Qc7 Qxc5 28. Rd1 Qc4 29. Rd3 Re8 30. Rhd1 Kg8 31. Rxd7 Bxd7 32. Rxd7 Qf1+ 33. Kd2 Qxg2+ 34. Ke1 Bf8 35. Be5 Qh1+ 36. Ke2 Qg2+ 37. Ke3 Qg1+ 38. Ke2 Qg2+ 39. Ke3 Bc5+ 40.
Qxc5 Qg1+ 41. Ke4 Qxc5 42. Rg7+ Kf8 43. Rxg6 Qxc2+ 0-1

[Event "*** Titled Tuesday Blitz"]
[Site "Chess.com"]
[Date "2019.06.04"]
[Round "6"]
[White "Oleg_Papayan"]
[Black "Bryakin_Mikhail"]
[Result "0-1"]
[WhiteElo "2551"]
[BlackElo "2729"]
[TimeControl "180+2"]
[EndTime "14:19:06 PDT"]
[Termination "Bryakin_Mikhail won by resignation"]

1. e4 c5 2. Nf3 Nc6 3. d4 cxd4 4. Nxd4 Nf6 5. Nc3 e5 6. Ndb5 d6 7. Bg5 a6 8. Bxf6 gxf6 9. Na3 b5 10. Nd5 f5 11. Bd3 Be6 12. O-O Bg7 13. Qh5 h6 14. c4 b4 15. Nc2 Rb8 16. Nce3 f4 17. Nf5 Bxf5 18. exf5 Nd4 19. Rae1 Qg5 20. Qxg5 hxg5 21. f6 Bf8 22. b3 Kd7 23. Re4 g4 24. Nxf4 Bh6 25.
Nd5 Rbg8 26. Rfe1 Nc6 27. Rxg4 Rxg4 28. Bf5+ Kd8 29. Bxg4 Bg5 30. Re4 Rh6 31. Bf5 Bxf6 32. Rg4 Ne7 33. Be4 a5 34. g3 Kd7 35. Nxf6+ Rxf6 36. h4 Ke6 37. Rg7 Rh6 38. Kg2 f5 39. Bb7 Rh8 40. f3 Kf6 41. Rg5 Ng6 42. Bd5 Rh6 43.
Kf2 Rh8 44. Ke3 f4+ 45. Kf2 fxg3+ 46. Kxg3 Nxh4 47. Rg4 Nf5+ 48. Kf2 Rh2+ 49. Rg2 Rxg2+ 50. Kxg2 Ne3+ 51. Kf2 Nd1+ 52. Ke1 Nc3 0-1

[Event "*** Titled Tuesday Blitz"]
[Site "Chess.com"]
[Date "2019.06.04"]
[Round "6"]
[White "jk13"]
[Black "Fins0905"]
[Result "1-0"]
[WhiteElo "2547"]
[BlackElo "2669"]
[TimeControl "180+2"]
[EndTime "14:19:12 PDT"]
[Termination "jk13 won by checkmate"]

1. e4 d5 2. exd5 Qxd5 3. Nc3 Qa5 4. Bc4 c6 5. d4 Nf6 6. Nf3 Bf5 7. Bd2 Qc7 8. Qe2 e6 9. d5 cxd5 10. Nxd5 Nxd5 11.
Bxd5 Be7 12. Nd4 O-O 13. Nxf5 exf5 14. O-O Bf6 15. c4 Nc6 16. Qd3 g6 17. Bc3 Ne5 18.
Qg3 Rac8 19. Rfe1 Ng4 20. Qxc7 Rxc7 21. Bb4 Bd4 22. Re2 Rd8 23. Rd1 Be5 24. Bxf7+ Kxf7 25. Rxd8 Rxc4 26. Be1 Bxh2+ 27. Kf1 Bc7 28. Rd7+ Kf6 29. Bc3+ Kg5 30. Rxh7 b5 31. f3 Nf6 32. Bxf6+ Kxf6 33. Rhe7 Bb6 34. R7e6+ Kg5 35. Rd2 Rc1+ 36. Ke2 Rg1 37.
Kd3 Rc1 38. Rde2 Rd1+ 39. Kc2 Rd8 40. Kb3 Rd3+ 41. Kc2 Rd8 42. Rc6 Rg8 43. Ree6 Kh5 44. b3 g5 45. Rh6# 1-0